 Dungeon Crawl Stone Soup version 0.29.1-15-g9cfb28693d (webtiles) character file.

Game seed: 9871713174024576462

185 Kranky the Firebug (level 5, -2/38 HPs)
             Began as a Gnoll Wanderer on Apr 25, 2023.
             Slain by an orc
             ... wielding a +0 club
              (4 damage)
             ... on level 4 of the Dungeon.
             The game lasted 00:12:08 (3600 turns).

Kranky the Firebug (Gnoll Wanderer)                 Turns: 3600, Time: 00:12:09

Health: -2/38      AC:  6    Str: 11    XL:     5   Next: 64%
Magic:  5/9        EV: 11    Int: 11    God:
Gold:   210        SH:  5    Dex: 14    Spells: 9/10 levels left

rFire   . . .      SeeInvis .   u - +0 trident
rCold   . . .      Faith    .   d - +0 buckler
rNeg    . . .      Spirit   .   o - +0 ring mail
rPois   .          Reflect  .   (no helmet)
rElec   .          Harm     .   (no cloak)
rCorr   .          Rampage  .   s - +0 pair of gloves
Will    .....                   (no boots)
Stlth   +.........              (no amulet)
HPRegen 0.12/turn               (no ring)
MPRegen 0.11/turn               (no ring)

@: no status effects
A: fangs 1, strong nose, distributed training
a: no special abilities


You were on level 4 of the Dungeon.
You visited 1 branch of the dungeon, and saw 4 of its levels.

You collected 210 gold pieces.

Inventory:

Hand Weapons
 a - a +0 dagger
 g - a +0 mace of protection
 u - a +0 trident (weapon)
Missiles
 e - 4 curare-tipped darts (quivered)
 m - 6 poisoned darts
Armour
 c - a +0 robe
 d - a +0 buckler (worn)
 o - a +0 ring mail (worn)
 s - a +0 pair of gloves (worn)
Jewellery
 r - a +4 ring of evasion
 y - an amulet of the acrobat
Scrolls
 h - 4 scrolls of identify {unknown}
 t - a scroll of teleportation {unknown}
 v - 2 scrolls of amnesia {unknown}
 w - a scroll of fear {unknown}
 x - a scroll of enchant weapon {unknown}
Potions
 b - a potion of berserk rage
 f - 3 potions of lignification {unknown}
 i - 2 potions of haste {unknown}
 j - 3 potions of curing
 k - a potion of brilliance {unknown}
 l - 2 potions of degeneration {unknown}
 n - a potion of attraction {unknown}
 p - a potion of cancellation {unknown}
 q - 2 potions of heal wounds {unknown}
 z - a potion of might {unknown}


   Skills:
 + Level 1.6 Fighting
 + Level 1.6 Short Blades
 + Level 1.6 Long Blades
 + Level 1.6 Axes
 + Level 1.6 Maces & Flails
 + Level 1.6 Polearms
 + Level 1.6 Staves
 + Level 1.6 Ranged Weapons
 + Level 1.6 Throwing
 + Level 3.1 Armour
 + Level 3.1 Dodging
 + Level 1.6 Stealth
 + Level 3.1 Shields
 + Level 1.6 Unarmed Combat
 + Level 3.2 Spellcasting
 + Level 4.0 Conjurations
 + Level 1.3 Hexes
 + Level 1.3 Summonings
 + Level 1.3 Necromancy
 + Level 1.3 Translocations
 + Level 1.3 Transmutations
 + Level 5.6 Fire Magic
 + Level 1.3 Ice Magic
 + Level 1.3 Air Magic
 + Level 1.3 Earth Magic
 + Level 1.3 Poison Magic
 + Level 1.9 Invocations
 + Level 3.1 Evocations


You had 9 spell levels left.
You knew the following spells:

 Your Spells              Type           Power      Damage    Failure   Level
a - Foxfire               Conj/Fire      48%        2x1d6     11%         1

Your spell library contained the following spells:

 Spells                   Type           Power      Damage    Failure   Level
 Conjure Flame            Conj/Fire      12%        6-21      32%         3
 Poisonous Vapours        Pois/Air       8%         N/A       56%         2
 Sticky Flame             Conj/Fire      12%        2d4       73%         4
 Animate Dead             Necr           4%         N/A       99%         4
 Corpse Rot               Necr/Pois/Air  4%         N/A       99%         4
 Borgnjor's Vile Clutch   Necr/Erth      2%         N/A       100%        5
 Death Channel            Necr           2%         N/A       100%        6


Dungeon Overview and Level Annotations

Branches:
Dungeon (4/15)
 Temple: D:4-7

Altars:
Ashenzari

Shops:
D:1 (   D:3 (


Innate Abilities, Weirdness & Mutations

You have very sharp teeth.
Your uncanny sense of smell can sniff out nearby items.
Your experience applies equally to all skills.


Message History

Something hits you but does no damage.
There is an open door here.
An orc wizard appears from thin air!
Reactivating autopickup.
The quokka bites you but does no damage.
You barely miss the quokka.
The quokka is moderately wounded.
The quokka barely misses you.
You barely miss the quokka.
The quokka is moderately wounded.
The quokka misses you. You block the quokka's attack.
You miss the quokka.
The quokka is moderately wounded.
The quokka closely misses you.
You barely miss the quokka.
The quokka is moderately wounded.
You block the quokka's attack. The quokka barely misses you.
You hit the quokka.
You kill the quokka!
You hit the orc wizard.
The orc wizard is heavily wounded.
You closely miss the orc wizard.
The orc wizard is heavily wounded.
You hit the orc.
The orc is moderately wounded.
The orc wizard misses you. The orc hits you but does no damage.
You barely miss the orc.
The orc is moderately wounded.
The orc wizard barely misses you. You block the orc's attack.
You hit the orc wizard.
The orc wizard is severely wounded.
You block the orc wizard's attack. The orc hits you with a +0 club.
* * * LOW HITPOINT WARNING * * *
The orc wizard hits you but does no damage.
The orc hits you with a +0 club.
* * * LOW HITPOINT WARNING * * *
You barely miss the orc wizard.
The orc wizard is severely wounded.
The orc wizard closely misses you. The orc hits you with a +0 club.
You die...

#....# ### #.....#.. #....#
#.#######'####..
#....#####......#........
#....#...#......#........
#....#..........'........
#....#...##.....#........
#.≈.≈#...##.....#^.......
#########†≈.≈#....+.....#......##
.....#..#.≈.≈#.o@.#.....#......#.
.....#..#.≈≈≈##o#########......#.
.....#..†.))...................#.
.....#..#......................#.
.....#..#####..................#.
.....#'### +..................#.
...?.o...# #..................#.
.....o...# #......[.....).....#.
.o.......# #.....#######......#.


You could see an orc wizard and an orc.

Vanquished Creatures
  A hound (D:4)
  An iguana (D:4)
  An orc wizard (D:4)
  4 adders
  2 worms (D:3)
  A dart slug (D:3)
  An orc (D:3)
  6 bats
  8 endoplasms
  3 giant cockroaches
  4 hobgoblins
  3 jackals (D:1)
  4 quokkas
  3 ball pythons
  4 frilled lizards
  6 goblins
  5 kobolds
  3 rats (D:2)
60 creatures vanquished.

Vanquished Creatures (others)
  114 foxfires
114 creatures vanquished.

Grand Total: 174 creatures vanquished

Notes
Turn   | Place    | Note
-------+----------+-------------------------------------------
     0 | D:1      | Kranky the Gnoll Wanderer began the quest for the Orb.
     0 | D:1      | Kranky set off with the following items: a +0 dagger, a
                  | potion of berserk rage, a +0 robe, a +0 buckler; and the
                  | following spells available to memorise: Foxfire, Conjure
                  | Flame, Sticky Flame.
     0 | D:1      | Reached XP level 1. HP: 13/13 MP: 4/4
     2 | D:1      | Learned a level 1 spell: Foxfire
   406 | D:1      | Reached XP level 2. HP: 16/19 MP: 5/5
   914 | D:1      | Found Heanuol's Weapon Shop.
  1596 | D:2      | Reached XP level 3. HP: 25/25 MP: 2/7
  1648 | D:2      | Reached skill level 1 in Invocations
  2010 | D:2      | Reached skill level 1 in Fighting
  2010 | D:2      | Reached skill level 1 in Short Blades
  2010 | D:2      | Reached skill level 1 in Long Blades
  2010 | D:2      | Reached skill level 1 in Axes
  2010 | D:2      | Reached skill level 1 in Maces & Flails
  2010 | D:2      | Reached skill level 1 in Polearms
  2010 | D:2      | Reached skill level 1 in Staves
  2010 | D:2      | Reached skill level 1 in Ranged Weapons
  2010 | D:2      | Reached skill level 1 in Throwing
  2010 | D:2      | Reached skill level 1 in Stealth
  2010 | D:2      | Reached skill level 1 in Unarmed Combat
  2150 | D:2      | Found a faded altar of an unknown god.
  2581 | D:3      | Reached XP level 4. HP: 28/32 MP: 3/8
  2857 | D:3      | Found a broken altar of Ashenzari.
  2859 | D:3      | Reached skill level 1 in Hexes
  2859 | D:3      | Reached skill level 1 in Summonings
  2859 | D:3      | Reached skill level 1 in Necromancy
  2859 | D:3      | Reached skill level 1 in Translocations
  2859 | D:3      | Reached skill level 1 in Transmutations
  2859 | D:3      | Reached skill level 1 in Ice Magic
  2859 | D:3      | Reached skill level 1 in Air Magic
  2859 | D:3      | Reached skill level 1 in Earth Magic
  2859 | D:3      | Reached skill level 1 in Poison Magic
  3067 | D:3      | Found Sudweic's Antique Weapon Shop.
  3469 | D:4      | Reached XP level 5. HP: 37/37 MP: 3/9
  3600 | D:4      | Slain by an orc

Illustrated notes

Levels and vault maps discovered:
D:1:      evilmike_arrival_rings, layout_loops_corners, serial_shops,
          nicolae_shop_bloodbath_and_beyond, chequers_serial_rivers_large_a,
          hangedman_decor_riveting
D:2:      wander_river, layout_basic, shapermc_ecumenical_altar_totnotflames
D:3:      layout_rooms, marbit_many_paths, serial_shops, shop
D:4:      layout_gridville, nicolae_gozag_cash_rules_everything_around_me,
          serial_rivers, chequers_serial_rivers_micro_c,
          chequers_serial_rivers_marsh, chequers_serial_rivers_micro_b,
          chequers_serial_rivers_micro_d

Skill      XL: |  1  2  3  4  5 |
---------------+----------------+-----
Invocations    | 1 |  1.9
Fighting       | 1 |  1.6
Short Blades   | 1 |  1.6
Long Blades    | 1 |  1.6
Axes           | 1 |  1.6
Maces & Flails | 1 |  1.6
Polearms       | 1 |  1.6
Staves         | 1 |  1.6
Ranged Weapons | 1 |  1.6
Throwing       | 1 |  1.6
Stealth        | 1 |  1.6
Unarmed Combat | 1 |  1.6
Spellcasting   | 3 |  3.2
Hexes          | 1 |  1.3
Summonings     | 1 |  1.3
Necromancy     | 1 |  1.3
Translocations | 1 |  1.3
Transmutations | 1 |  1.3
Ice Magic      | 1 |  1.3
Air Magic      | 1 |  1.3
Earth Magic    | 1 |  1.3
Poison Magic   | 1 |  1.3
Armour         | 3 |  3.1
Dodging        | 3 |  3.1
Shields        | 3 |  3.1
Conjurations   | 4 |  4.0
Evocations     | 3 |  3.1
Fire Magic     | |  5.6

Action                   |  1- 3 |  4- 6 || total
-------------------------+-------+-------++-------
Melee: Dagger            |    79 |    26 ||   105
       Bite              |     8 |     3 ||    11
       Trident           |       |    27 ||    27
Throw: Dart              |     1 |       ||     1
 Cast: Foxfire           |    38 |    36 ||    74
  Use: Potion            |       |     2 ||     2
 Stab: Sleeping          |       |     1 ||     1
Armor: Robe              |    13 |       ||    13
       Ring mail         |    10 |    32 ||    42
Dodge: Dodged            |    48 |    40 ||    88
Block: Buckler           |    27 |    16 ||    43
